 Dungeon Crawl Stone Soup version 0.30-a0-1103-g25895a7845 (webtiles) character file.

Game seed: 12528146191517773697

47 kae the Ruffian (level 3, -2/28 HPs)
             Began as a Draconian Transmuter on Apr 18, 2023.
             Slain by a gnoll
             ... wielding a +0 halberd
              (11 damage)
             ... on level 4 of the Dungeon.
             The game lasted 00:01:43 (1303 turns).

kae the Ruffian (Draconian Transmuter)              Turns: 1303, Time: 00:01:43

Health: -2/28      AC:  5    Str: 12    XL:     3   Next: 48%
Magic:  1/6        EV: 12    Int: 15    God:
Gold:   82         SH:  0    Dex: 11    Spells: 0/6 levels left

rFire   . . .      SeeInvis .      - Unarmed
rCold   + . .      Faith    .    (no shield)
rNeg    . . .      Spirit   .    (body armour unavailable)
rPois   .          Reflect  .    (helmet restricted)
rElec   .          Rampage  .    (no cloak)
rCorr   .                        (no gloves)
Will    .....                    (no boots)
Stlth   +                        (no amulet)
HPRegen 0.24/turn                C - ring of protection from cold
MPRegen 0.10/turn                L - ring of flight

@: flying, very slightly contaminated
A: AC +5, unfitting armour, cold-blooded
a: no special abilities


You were on level 4 of the Dungeon.
You visited 1 branch of the dungeon, and saw 3 of its levels.

You collected 82 gold pieces.


Innate Abilities, Weirdness & Mutations

Your plain brown scales are hard. (AC +5)
You cannot fit into any form of body armour.
You are cold-blooded and may be slowed by cold attacks.


   Skills:
 - Level 1.1 Fighting
 - Level 1.7 Dodging
 + Level 3.2 Unarmed Combat
 + Level 2.2 Spellcasting
 * Level 2.8 Transmutations
 * Level 0.3 Ice Magic
 * Level 1.5 Poison Magic


You couldn't memorise any spells.
You knew the following spells:

 Your Spells              Type           Power      Damage    Failure   Level
a - Beastly Appendage     Tmut           20%        N/A       7%          1
b - Wereblood             Tmut           10%        N/A       11%         2
c - Spider Form           Tmut/Pois      8%         N/A       26%         3

Your spell library contained the following spells:

 Spells                   Type           Power      Damage    Failure   Level
 Ice Form                 Ice/Tmut       6%         N/A       75%         4

Inventory:

Missiles
 b - 2 poisoned darts
 c - 24 stones
Magical Staves
 d - a staff of death {!a}
   (You found it on level 2 of the Dungeon)
Jewellery
 C - a ring of protection from cold (left hand)
   (You found it on level 1 of the Dungeon)
 L - a ring of flight (right hand)
   (You found it on level 2 of the Dungeon)
Scrolls
 h - a scroll of torment {unknown}
Potions
 a - a potion of lignification {!q}
 e - a potion of attraction {!q}
 f - a potion of brilliance
 g - a potion of magic

Dungeon Overview and Level Annotations

Branches:
Dungeon (4/15) Zot: 16700
 Temple: D:4-7

Altars:

Shops:
D:2

= # .# #.# >.
#####.# #.†.>.#
#@##### ####g####
#...K...#
.....##.##.#### .>..
...#.....#
####.####.....######
#...............#
#.####.....####.#
#.gK..#


You could see a gnoll and a kobold.


Message History

Your horns disappear.
Your talons disappear.
The gnoll shouts! x2; You hear a shout!
An iguana comes into view.
A scorpion comes into view.
Casting: Beastly Appendage (safe; 7% risk of failure)
Confirm with . or Enter, or press ? or * to list all spells.
You grow a pair of large bovine horns.
Your feet morph into talons.
A gnoll comes into view. It is wielding a +0 flail.
The kobold throws a stone.
The stone hits you but does no damage.
The kobold throws a stone.
The stone hits you but does no damage. The gnoll closely misses you.
The kobold throws a stone.
The stone hits you. The gnoll hits you with a +0 halberd.
The kobold misses you. 😕 HP[-5] MP[-1]
You take 5 damage, and now have 23/28 hp.
You lost 1 mp, and now have 5/6 mp.
You hit the gnoll but do no damage. The gnoll misses you.
The kobold closely misses you.
You closely miss the gnoll. You claw the gnoll, but do no damage.
You headbutt the gnoll. The gnoll hits you but does no damage.
The kobold misses you. 😕 HP[+1] Unknown command.
Unknown command.
Your transformation is almost over.
The gnoll misses you.
A jackal comes into view.
A jackal comes into view.
The jackal barks!
You hear a shout!
The kobold throws a stone.
The stone hits you but does no damage.
Unknown command.
A ball python comes into view.
The kobold throws a stone.
The stone hits you but does no damage. 😕 HP[+1] Unknown command. 😕 MP[+1]
Your mp is fully restored (6). 😕 HP[+1]
Your horns disappear.
Your talons disappear.
The kobold throws a stone.
The stone hits you but does no damage. 😕 HP[+1]
The kobold throws a stone.
The stone barely misses you.
The kobold throws a stone.
The stone closely misses you. 😎 HP[+1]
Your hp is fully restored (28).
The kobold throws a stone.
The stone completely misses you.
Okay, then.
Casting: Beastly Appendage (safe; 7% risk of failure)
Confirm with . or Enter, or press ? or * to list all spells.
The spell is extremely dangerous to miscast (28% risk of failure)!
Continue anyway? [Y]es or [N]o only, please.
The spell is extremely dangerous to miscast (28% risk of failure)!
Continue anyway?
You miscast Spider Form.
You are very lightly contaminated with residual magic.
Your body is twisted painfully. 😎 MP[-3]
You lost 3 mp, and now have 3/6 mp.
Casting: Spider Form (extremely dangerous; 28% risk of failure)
Confirm with . or Enter, or press ? or * to list all spells.
The spell is extremely dangerous to miscast (28% risk of failure)!
Continue anyway? [Y]es or [N]o only, please.
The spell is extremely dangerous to miscast (28% risk of failure)!
Continue anyway?
You turn into a venomous arachnid creature.
Your transformation is almost over. 😎 MP[-3]
You lost 3 mp, and now have 0/6 mp.
You barely miss the jackal. The jackal misses you.
You bite the jackal!
You kill the jackal!
The gnoll closely misses you.
You see here a jackal corpse.
You hit the gnoll but do no damage.
The gnoll is poisoned.
The gnoll completely misses you.
You hit the gnoll.
The gnoll looks as sick as possible!
The gnoll completely misses you. x2
Unknown command.
You hit the gnoll but do no damage.
The gnoll looks as sick as possible!
The gnoll misses you. The gnoll barely misses you.
You barely miss the gnoll.
You kill the gnoll!
The gnoll closely misses you. 😎 MP[+1] Unknown command.
Your transformation has ended.
The gnoll closely misses you.
You see here a +0 club.
You hit the gnoll but do no damage.
The gnoll hits you with a +0 halberd! 😮 HP[-11]
You take 11 damage, and now have 17/28 hp.
MASSIVE DAMAGE!! (PAUSE)
You hit the gnoll but do no damage.
Your tail-slap misses the gnoll.
The gnoll closely misses you. 😮 HP[+1]
You completely miss the gnoll. You tail-slap the gnoll.
The gnoll hits you with a +0 halberd!
* * * LOW HITPOINT WARNING * * *
😨 HP[-9]
You take 9 damage, and now have 9/28 hp.
MASSIVE DAMAGE!! (PAUSE)
You hit the gnoll but do no damage.
Your tail-slap misses the gnoll.
The gnoll hits you with a +0 halberd!
You die...

Skill      XL: |  1  2 |
---------------+-------+-----
Poison Magic   | 1 |  1.5
Fighting       | |  1.1
Dodging        | |  1.7
Unarmed Combat | |  3.2
Spellcasting   | |  2.2
Transmutations | |  2.8
Ice Magic      | |  0.3

Action                     || total
---------------------------++-------
  Melee: Unarmed           ||    69
         Headbutt          ||    10
         Punch             ||     1
         Kick              ||    12
         Tailslap          ||     5
   Cast: Beastly Appendage ||    21
         Spider Form       ||     1
    Use: Scroll            ||     7
 Armour: Skin              ||    25
  Dodge: Dodged            ||    68

Levels and vault maps discovered:
D:1:      minmay_arrival_four_houses, layout_loops_corners,
          chequers_serial_rivers_micro_a
D:2:      minmay_chambers_of_twos, layout_loops_corners, serial_shops,
          nicolae_shop_tiny_glass
D:4:      layout_loops_cross, minmay_surrounded

Notes
Turn   | Place    | Note
-------+----------+-------------------------------------------
     0 | D:1      | kae the Draconian Transmuter began the quest for the Orb.
     0 | D:1      | Reached XP level 1. HP: 16/16 MP: 3/3
     0 | D:1      | magus.rc [v1.11.3]
   250 | D:1      | Reached XP level 2. HP: 23/23 MP: 3/5
   427 | D:1      | Reached skill level 1 in Poison Magic
   880 | D:1      | Reached XP level 3. HP: 25/28 MP: 4/6
   883 | D:1      | Learned a level 2 spell: Wereblood
   887 | D:1      | Learned a level 3 spell: Spider Form
   971 | D:2      | Found Ytimysti's Jewellery Shoppe.
  1221 | D:2      | You are sucked into a shaft and drop 2 floors!
  1258 | D:4      | Noticed a scorpion
  1303 | D:4      | Slain by a gnoll

Vanquished Creatures
  2 gnolls
  A worm (D:2)
  A dart slug (D:1)
  An endoplasm (D:1)
  A giant cockroach (D:4)
  A goblin (D:1)
  2 hobgoblins
  A jackal (D:4)
  8 ball pythons
  2 bats (D:1)
  A frilled lizard (D:1)
  4 kobolds (D:1)
  3 rats
28 creatures vanquished.

Table legend:
 A = Non-vault XP
 B = Vault XP
 C = Vault XP percentage of total XP
 D = Non-vault monster count
 E = Vault monster count
 F = Vault count percentage of total count
                 A         B        C        D         E       F
            +---------+---------+-------+---------+---------+-------
      Total |      65 |       3 |   4.4 |      26 |       2 |   7.1
            +---------+---------+-------+---------+---------+-------
        D:1 |      41 |       0 |   0.0 |      21 |       0 |   0.0
        D:2 |       8 |       0 |   0.0 |       3 |       0 |   0.0
        D:4 |      16 |       3 |  15.8 |       2 |       2 |  50.0
            +---------+---------+-------+---------+---------+-------

Illustrated notes

Table legend:
 A = Kills in this place as a percentage of kills in the entire game.
 B = Kills by you in this place as a percentage of kills by you in the entire game.
 C = Kills by friends in this place as a percentage of kills by friends in the entire game.
 D = Other kills in this place as a percentage of other kills in the entire game.
 E = Experience gained in this place as a percentage of experience gained in the entire game.
 F = Experience gained in this place divided by the number of levels of this place that you have seen.
                   A       B       C       D       E      F
               +-------+-------+-------+-------+-------+----------------------
         Total | 100.0 | 100.0 |   N/A |   N/A | 100.0 |  22.7
       Dungeon | 100.0 | 100.0 |   N/A |   N/A | 100.0 |  22.7
               +-------+-------+-------+-------+-------+----------------------

Table legend: (Time is in decaauts)
 A = Elapsed time spent in this place.
 B = Non-inter-level travel time spent in this place.
 C = Inter-level travel time spent in this place.
 D = Time resting spent in this place.
 E = Time spent auto-exploring this place.
 F = Levels seen in this place.
 G = Mean time per level.
                   A        B        C        D        E       F      G
               +--------+--------+--------+--------+--------+-----+--------+
         Total |   1299 |   1252 |     47 |      0 |   1018 |   3 |  433.0 |
       Dungeon |   1299 |   1252 |     47 |      0 |   1018 |   3 |  433.0 |
               +--------+--------+--------+--------+--------+-----+--------+

Top non-repeatable levels by time:
     D:1: 969 daAuts
     D:2: 248 daAuts
     D:4: 81 daAuts
